 Dungeon Crawl Stone Soup version 0.25.0-9-g26727b657a (webtiles) character file.

Game seed: 3781003775403593996

12266 protoss039 the Thaumaturge (level 11, -8/55 HPs)
             Began as a Deep Elf Air Elementalist on June 18, 2020.
             Was a Believer of Vehumet.
             Mangled by a cyan ugly thing (9 damage)
             ... on level 10 of the Dungeon.
             The game lasted 00:44:09 (15559 turns).

protoss039 the Thaumaturge (DEAE)                  Turns: 15559, Time: 00:44:09

Health: -8/55      AC: 12    Str: 11    XL:     11   Next: 60%
Magic:  0/31       EV: 13    Int: 24    God:    Vehumet [**....]
Gold:   524        SH:  0    Dex: 15    Spells: 15/39 levels left

rFire    + + .     SeeInvis .   N - +1 dagger (elec)
rCold    . . .     Gourm    .   (no shield)
rNeg     . . .     Faith    .   L - +2 robe {rF+}
rPois    .         Spirit   +   f - +0 helmet
rElec    .         Reflect  .   h - +0 cloak "Zozxesha" {rF+ Slay+6}
rCorr    .         Harm     .   (no gloves)
MR       +....                  k - +1 pair of boots
Stlth    ++........             t - amulet of guardian spirit
HPRegen  0.18/turn              s - +4 ring of protection
MPRegen  0.22/turn              H - +6 ring of strength

@: no status effects
A: no striking features
a: Renounce Religion


You were on level 10 of the Dungeon.
You worshipped Vehumet.
Vehumet was pleased with you.
You were not hungry.

You visited 2 branches of the dungeon, and saw 12 of its levels.

You collected 524 gold pieces.

Inventory:

Hand Weapons
 N - a +1 dagger of electrocution (weapon)
Armour
 f - a +0 helmet (worn)
 h - the +0 cloak "Zozxesha" (worn) {rF+ Slay+6}
   (You found it on level 5 of the Dungeon)

   It affects your accuracy and damage with ranged weapons and melee attacks
   (+6).
   It protects you from fire.
 k - a +1 pair of boots (worn)
 r - a scarf of invisibility
 L - a +2 robe of fire resistance (worn)
Jewellery
 l - an uncursed ring of ice
 n - an uncursed amulet of magic regeneration {unknown}
 s - a +4 ring of protection (left hand)
 t - an amulet of guardian spirit (around neck)
 x - a +4 ring of protection
 y - an uncursed ring of stealth
 H - a +6 ring of strength (right hand)
Wands
 a - a wand of enslavement (7)
 w - a wand of random effects (35)
 C - a wand of acid (13)
 D - a wand of iceblast (11)
 M - a wand of clouds (4)
Scrolls
 e - 3 scrolls of magic mapping
 i - 5 scrolls of teleportation
 m - 3 scrolls of remove curse
 v - 3 scrolls of amnesia
 F - a scroll of enchant armour
Potions
 b - 3 potions of stabbing
 d - 3 potions of curing
 g - 2 potions of heal wounds {unknown}
 o - 3 potions of flight
 p - 2 potions of degeneration {unknown}
 q - a potion of cancellation {unknown}
 u - a potion of mutation {unknown}
 z - a potion of magic {unknown}
 A - 2 potions of lignification {unknown}
 B - 2 potions of might {unknown}
 E - a potion of haste {unknown}
 I - a potion of invisibility
 J - a potion of brilliance {unknown}
Comestibles
 c - 11 rations
 j - 2 chunks of flesh


   Skills:
 + Level 0.7 Fighting
 - Level 2.4 Dodging
 - Level 2.4 Stealth
 + Level 14.8 Spellcasting
 - Level 7.1 Conjurations
 * Level 5.3 Hexes
 + Level 0.4 Charms
 * Level 4.2 Transmutations
 + Level 11.7 Air Magic


You had 15 spell levels left.
You knew the following spells:

 Your Spells              Type           Power        Failure   Level  Hunger
a - Shock                 Conj/Air       ####         1%          1    None
b - Swiftness             Chrm/Air       #####...     1%          2    None
c - Static Discharge      Conj/Air       ######..     1%          3    None
d - Airstrike             Air            ######....   1%          4    None
e - Lightning Bolt        Conj/Air       ######....   1%          5    ##.....
f - Yara's Violent Unrav  Hex/Tmut       #####.....   12%         5    ##.....
g - Cause Fear            Hex            #####.....   3%          4    None

Your spell library contained the following spells:

 Spells                   Type           Power        Failure   Level  Hunger
 Mephitic Cloud           Conj/Pois/Air  #####...     1%          3    None
 Corona                   Hex            #####..      1%          1    None
 Slow                     Hex            #####...     1%          2    None
 Confusing Touch          Hex            #####...     1%          3    None
 Inner Flame              Hex/Fire       ####....     3%          3    None
 Portal Projectile        Hex/Tloc       ####..       3%          3    None
 Gell's Gravitas          Tloc           ###.......   10%         3    None
 Leda's Liquefaction      Hex/Erth       ####......   11%         4    None
 Petrify                  Tmut/Erth      ####....     14%         4    None
 Metabolic Englaciation   Hex/Ice        ####......   30%         5    ##.....


Dungeon Overview and Level Annotations

Branches:
Dungeon (11/15)            Temple (1/1) D:5            Lair (0/6) D:11
    Orc: D:9-12

Altars:
Ashenzari
Cheibriados
Dithmenos
Elyvilon
Fedhas
Gozag
Hepliaklqana
Kikubaaqudgha
Makhleb
Nemelex Xobeh
Okawaru
Qazlal
Ru
Sif Muna
Trog
Uskayaw
Vehumet
Wu Jian
Xom
Yredelemnul
Zin
The Shining One
Beogh

Shops:
D:5 =   D:8 *[[[(   D:9 =

Annotations:
D:6 3 runed translucent doors, hittemvvvvhard's ghost, novice HOAK


Message History

Unknown command.
Unknown command.
Casting: Airstrike (safe; 1% risk of failure)
Confirm with . or Enter, or press ? or * to list all spells.
Aiming: Airstrike (safe; 1% risk of failure)
Press: ? - help, Dir - move target cursor, f - yaktaur captain
Aim: a yaktaur captain, wielding a +2 vorpal quarterstaff and quivering 22 bolts (wandering, hasn't noticed you)
The air twists around and strikes the yaktaur captain!
The yaktaur captain shouts!
The yaktaur captain is lightly wounded.
You hear a deafening roar!
The yaktaur captain unwields a +2 vorpal quarterstaff.
The yaktaur captain wields a +0 arbalest.
The yaktaur captain shoots a bolt.
The bolt hits you!!
You hear an angry buzzing noise.
You hear a bellow!
Unknown command.
The yaktaur captain shoots a bolt.
The bolt hits you!!
* * * LOW HITPOINT WARNING * * *
You climb upwards.
The cyan ugly thing gores you!
You die...

....#..########..#####.....#.....
....'................#.....#.....
....#................#...........
....#............#####.....#.....
....##...........#.........#.....
.....#...........#.........#.....
.....#...........#'##......#.....
.....#..............#......#.....
.....#..........@u..#..)...#...##
.....###............#......#...#
.......#............#....u.#...#
.......########)#####....<.#...#
........................)..#...##
.............(.<...........#.....
...................[..)....#.....
...........................###...
....................#####....#...


You could see a cyan ugly thing.

Vanquished Creatures
  Erolcha (D:9)
  3 two-headed ogres
  A tengu warrior (D:11)
  A wizard (D:10)
  Pikel (D:9)
  A cyclops (D:11)
  An ugly thing (D:10)
  Joseph (D:9)
  2 gargoyles (D:10)
  A komodo dragon (D:11)
  2 hornets
  2 hippogriffs (D:7)
  3 yaks (D:10)
  2 hungry ghosts (D:7)
  An acid dragon (D:11)
  2 water moccasins
  An orc warrior (D:11)
  A sky beast (D:7)
  A necrophage (D:11)
  2 ice beasts
  5 phantoms
  5 centaurs
  6 ogres
  8 bullfrogs
  A gnoll sergeant (D:8)
  A wyvern skeleton (D:9)
  7 wights
  The ghost of Esekla the Magician, a weakling BaWz (D:3)
  3 howler monkeys
  5 crimson imps
  4 bullfrog zombies
  A centaur zombie (D:9)
  4 jellies
  2 orc priests
  A bullfrog skeleton (D:10)
  A centaur skeleton (D:4)
  4 hounds
  4 orc wizards
  7 worker ants
  3 iguanas
  A killer bee zombie (D:6)
  4 hound zombies
  A hound skeleton (D:5)
  4 gnolls (D:8)
  A howler monkey skeleton (D:10)
  17 adders
  4 shadow imps
  An ooze (D:5)
  An adder zombie (D:7)
  3 adder skeletons
  2 worms
  A dart slug (D:1)
  4 leopard geckos
  26 orcs
  15 goblins
  9 hobgoblins
  2 jackals (D:5)
  3 quokkas
  2 ball pythons
  3 bats
  8 frilled lizards
  A jackal skeleton (D:5)
  8 kobolds
  A leopard gecko skeleton (D:4)
  A quokka skeleton (D:6)
  10 rats
236 creatures vanquished.

Vanquished Creatures (others)
  Maggie (D:9)
  3 slaves (D:9)
  A hound (D:9)
5 creatures vanquished.

Grand Total: 241 creatures vanquished

Notes
Turn   | Place    | Note
-------+----------+-------------------------------------------
     0 | D:1      | protoss039 the Deep Elf Air Elementalist began the quest
                  | for the Orb.
     0 | D:1      | Reached XP level 1. HP: 10/10 MP: 6/6
   429 | D:1      | Reached XP level 2. HP: 15/15 MP: 1/8
   637 | D:1      | Learned a level 2 spell: Swiftness
  1077 | D:1      | Reached skill level 4 in Spellcasting
  1252 | D:2      | Reached XP level 3. HP: 19/19 MP: 5/10
  1494 | D:2      | Reached XP level 4. HP: 24/24 MP: 6/12
  2071 | D:2      | Found a faded altar of an unknown god.
  2180 | D:2      | Learned a level 3 spell: Static Discharge
  2203 | D:3      | Found a runed translucent door.
  2205 | D:3      | Noticed Esekla's ghost (weakling BaWz)
  2225 | D:3      | Reached skill level 5 in Spellcasting
  2496 | D:3      | Reached XP level 5. HP: 28/28 MP: 10/14
  2731 | D:3      | Found a shattered altar of Ashenzari.
  3141 | D:3      | Killed Esekla's ghost
  3365 | D:4      | Reached XP level 6. HP: 26/32 MP: 10/16
  3470 | D:4      | Reached skill level 6 in Spellcasting
  3815 | D:4      | Reached skill level 5 in Air Magic
  4003 | D:4      | Reached XP level 7. HP: 33/37 MP: 12/18
  4723 | D:5      | Entered Level 5 of the Dungeon
  4735 | D:5      | Reached skill level 7 in Spellcasting
  4875 | D:5      | Got a dazzling cloak
  4905 | D:5      | Identified the cursed +0 cloak "Zozxesha" {rF+ Slay+6} (You
                  | found it on level 5 of the Dungeon)
  5073 | D:5      | Learned a level 4 spell: Airstrike
  5156 | D:5      | Found Neck's Jewellery Boutique.
  5429 | D:5      | Found a staircase to the Ecumenical Temple.
  5448 | D:5      | Reached skill level 5 in Conjurations
  5459 | Temple   | Entered the Ecumenical Temple
  5708 | Temple   | Became a worshipper of Vehumet
  6049 | D:6      | Found a runed translucent gate.
  6049 | D:6      | Found a runed translucent gate.
  6054 | D:6      | Noticed hittemvvvvhard's ghost (novice HOAK)
  6055 | D:6      | Found a runed translucent gate.
  6059 | D:6      | Found a roughly hewn altar of Beogh.
  6486 | D:6      | Found an ornate altar of the Wu Jian Council.
  6486 | D:6      | Found a bloodstained altar of Trog.
  6558 | D:6      | Found an iron altar of Okawaru.
  6560 | D:6      | Found a basalt altar of Yredelemnul.
  6561 | D:6      | Found a stormy altar of Qazlal.
  6801 | D:6      | Reached XP level 8. HP: 24/42 MP: 14/21
  7296 | D:7      | Reached skill level 8 in Spellcasting
  7936 | D:7      | Noticed a hippogriff
  7939 | D:7      | Killed a hippogriff
  7939 | D:7      | Reached skill level 9 in Spellcasting
  8041 | D:7      | Found a shimmering blue altar of Sif Muna.
  8046 | D:7      | Noticed a hippogriff
  8053 | D:7      | Killed a hippogriff
  8133 | D:7      | Reached XP level 9. HP: 46/46 MP: 0/24
  8484 | D:7      | Reached skill level 10 in Spellcasting
  8597 | D:7      | Learned a level 5 spell: Lightning Bolt
  8605 | D:7      | Reached * piety under Vehumet
  8605 | D:7      | Offered knowledge of Magic Dart by Vehumet.
  9272 | D:8      | Found Urghynol's Armour Shoppe.
  9273 | D:8      | Found Mogubal's Armour Boutique.
  9297 | D:8      | Found an ancient bone altar of Kikubaaqudgha.
  9521 | D:8      | Found Uguxkem's Assorted Antiques.
  9532 | D:8      | Reached skill level 11 in Spellcasting
 10087 | D:8      | Found Tojesaunt's Antique Armour Shoppe.
 10326 | D:8      | Found Zareag's Antique Weapon Shoppe.
 10385 | D:8      | Found a glowing silver altar of Zin.
 10525 | D:9      | Noticed Pikel
 10528 | D:9      | Killed Pikel
 10528 | D:9      | Reached skill level 12 in Spellcasting
 10643 | D:9      | Reached XP level 10. HP: 51/51 MP: 19/28
 10755 | D:9      | Noticed Maggie
 10759 | D:9      | Killed Maggie
 11030 | D:9      | Noticed a two-headed ogre
 11034 | D:9      | Killed a two-headed ogre
 11034 | D:9      | Reached skill level 10 in Air Magic
 11229 | D:9      | Noticed Erolcha
 11248 | D:9      | Killed Erolcha
 11248 | D:9      | Reached skill level 13 in Spellcasting
 11546 | D:9      | Found Tupsuk's Jewellery Shop.
 11708 | D:9      | Offered knowledge of Searing Ray by Vehumet.
 11715 | D:9      | Learned a level 5 spell: Yara's Violent Unravelling
 11993 | D:10     | Entered Level 10 of the Dungeon
 11993 | D:10     | Noticed a gargoyle
 11993 | D:10     | Noticed a gargoyle
 11995 | D:10     | Killed a gargoyle
 11995 | D:10     | Reached ** piety under Vehumet
 11995 | D:10     | Reached skill level 1 in Hexes
 11998 | D:10     | Killed a gargoyle
 11998 | D:10     | Reached skill level 1 in Transmutations
 12378 | D:10     | Noticed a red ugly thing
 12383 | D:10     | Killed a red ugly thing
 12871 | D:10     | Learned a level 4 spell: Cause Fear
 12872 | D:10     | Noticed a wizard
 12874 | D:10     | Reached XP level 11. HP: 54/55 MP: 3/30
 13057 | D:10     | Killed a wizard
 13057 | D:10     | Reached skill level 14 in Spellcasting
 13170 | D:10     | Noticed a two-headed ogre
 13176 | D:10     | Killed a two-headed ogre
 13180 | D:10     | Noticed Joseph
 13491 | D:9      | Killed Joseph
 14262 | D:11     | Noticed a two-headed ogre
 14394 | D:11     | Found a staircase to the Lair.
 14729 | D:10     | HP: 2/55 [two-headed ogre/+0 giant club (9)]
 15003 | D:10     | Killed a two-headed ogre
 15181 | D:11     | Reached skill level 5 in Hexes
 15252 | D:11     | Noticed a tengu warrior
 15252 | D:11     | Noticed a brown ugly thing
 15383 | D:11     | Killed a tengu warrior
 15500 | D:11     | Offered knowledge of Mephitic Cloud by Vehumet.
 15549 | D:11     | Noticed a yaktaur captain
 15554 | D:11     | Noticed a fire dragon
 15558 | D:11     | HP: 1/55 [yaktaur captain/bolt (22)]
 15559 | D:10     | Mangled by a cyan ugly thing

Illustrated notes

Levels and vault maps discovered:
D:1:      dpeg_arrival_stone_temple_mockup, layout_basic, nrook_campfire
D:2:      layout_rooms, chequers_ecumenical_altar_island
D:3:      layout_basic, ashenzari_altar_1, first_ration,
          ebering_ghost_reflecting_pool, minmay_misc_feat_enclosed,
          minmay_misc_feat_alley
D:4:      cheibrodos_helix_gallery, layout_gridville
D:5:      layout_basic, minmay_temple_entry_glassed_door, serial_shops, shop
D:6:      layout_loops_ring, chequers_temple_overflow_minitemple,
          biasface_ghost_orc_armoury
D:7:      layout_basic, lemuel_doored_altar, serial_glass, glass_columns_c,
          glass_columns_b
D:8:      layout_gridville, zin_statuary, kennysheep_little_box, serial_shops,
          nicolae_shop_trees, shop, nicolae_shop_behind_doors, shop, shop
D:9:      layout_basic, serial_shops, nicolae_shop_behind_doors, uniq_maggie,
          uniq_erolcha, uniq_pikel
D:10:     layout_irregular_city, uniq_joseph
D:11:     minmay_mutant_horseshoe, layout_cave_pools, david_lair_shrubbed,
          enter_trove_6
Temple:   nicolae_temple_figure_eight

Skill      XL: |  1  2  3  4  5  6  7  8  9 10 11 |
---------------+----------------------------------+-----
Spellcasting   | 4 5 6 7 9 12 13 14 | 14.8
Conjurations   | 2 3 4 5 7 |  7.1
Air Magic      | 4 5 6 7 9 11 | 11.7
Hexes          | 3 5 |  5.3
Transmutations | 2 4 |  4.2
Fighting       | |  0.7
Dodging        | |  2.4
Stealth        | |  2.4
Charms         | |  0.4

Action                   |  1- 3 |  4- 6 |  7- 9 | 10-12 || total
-------------------------+-------+-------+-------+-------++-------
Melee: Dagger            |     4 |       |     7 |       ||    11
 Cast: Shock             |    77 |   122 |   127 |    17 ||   343
       Swiftness         |     1 |       |     1 |     3 ||     5
       Static Discharge  |       |     7 |    54 |    13 ||    74
       Airstrike         |       |       |    68 |   144 ||   212
       Lightning Bolt    |       |       |     1 |       ||     1
  Use: Scroll            |       |     2 |     7 |     5 ||    14
       Potion            |       |       |       |     2 ||     2
  Eat: Chunk             |     2 |     7 |    17 |     9 ||    35
       Ration            |       |       |     1 |     2 ||     3
Armor: Robe              |     6 |     1 |    40 |    14 ||    61
Dodge: Dodged            |     7 |     6 |    45 |    33 ||    91
